 Dungeon Crawl Stone Soup version 0.30.1-3-gfc49f6343a (webtiles) character file.

Game seed: 3983676150203122833

191 Fodor the Covered (level 5, 0/47 HPs)
             Began as a Minotaur Fighter on July 25, 2023.
             Slain by an ogre
             ... wielding a +0 giant club
              (14 damage)
             ... on level 4 of the Dungeon.
             The game lasted 00:11:06 (2361 turns).

Fodor the Covered (Minotaur Fighter)                Turns: 2361, Time: 00:11:07

Health: 0/47       AC:  7    Str: 21    XL:     5   Next: 42%
Magic:  4/4        EV:  9    Int:  5    God:
Gold:   156        SH:  5    Dex: 11    Spells: 4/4 levels left

rFire   . . .        u - +2 trident (vamp)
rCold   . . .        c - +0 buckler
rNeg    . . .        b - +0 scale mail
rPois   .            (helmet restricted)
rElec   .            (no cloak)
rCorr   .            (no gloves)
SInv    .            (no boots)
Will    .....        (no amulet) Stlth
                     (no ring)
HPRegen 0.27/turn    (no ring)
MPRegen 0.09/turn

%: no passive effects
@: no status effects
A: horns 2, retaliatory headbutt
a: no special abilities


You were on level 4 of the Dungeon.
You visited 1 branch of the dungeon, and saw 4 of its levels.

You collected 156 gold pieces.

Inventory:

Hand Weapons
 a - a +0 long sword
 u - a +2 vampiric trident (weapon)
 v - the +4 sling of Amiatae {speed, Str+2 Int+3}
   (You found it on level 4 of the Dungeon)

   Str:       It affects your strength (+2).
   Int:       It affects your intelligence (+3).
Missiles
 t - 3 poisoned darts (quivered)
Armour
 b - a +0 scale mail (worn)
 c - a +0 buckler (worn)
Scrolls
 d - a scroll of poison {unknown}
 e - 2 scrolls of blinking {unknown}
 f - a scroll of fear {unknown}
 h - a scroll of magic mapping {unknown}
 i - a scroll of noise {unknown}
 j - 3 scrolls of identify {unknown}
 l - a scroll of enchant armour {unknown}
 n - a scroll of fog {unknown}
 p - a scroll of silence {unknown}
 q - a scroll of enchant weapon {unknown}
Potions
 g - 3 potions of curing
 k - a potion of mutation {unknown}
 m - a potion of magic {unknown}
 o - a potion of degeneration {unknown}
 r - 2 potions of haste {unknown}
 s - a potion of berserk rage {unknown}


   Skills:
 + Level 4.4 Fighting
 + Level 4.4 Long Blades
 + Level 0.5 Polearms
 + Level 0.2 Ranged Weapons
 + Level 4.7 Armour
 + Level 1.0 Dodging
 + Level 0.2 Stealth
 + Level 4.5 Shields


You had 4 spell levels left.
You didn't know any spells.
Your spell library was empty.

Dungeon Overview and Level Annotations

Branches:
Dungeon (4/15)
 Temple: D:4-7

Altars:
Trog
Zin


Innate Abilities, Weirdness & Mutations

You have a pair of horns on your head.
You reflexively headbutt those who attack you in melee.


Message History

The jelly hits you but does no damage.
You feel a sense of dread.
u - a +2 vampiric trident (weapon)
The jelly completely misses you.
You hit the jelly.
Your hands burn!
You headbutt the jelly.
The jelly is severely wounded.
The jelly hits you but does no damage.
You hit the jelly but do no damage.
Your hands burn!
The jelly is severely wounded.
The jelly barely misses you.
You hit the jelly.
Your hands burn!
You headbutt the jelly.
The jelly is almost dead.
The jelly misses you. The jelly hits you.
You are splashed with acid!
You puncture the jelly!
You feel better.
You kill the jelly!
The jackal barks!
Found a cyan potion.
The jackal barks!
Found 6 gold pieces.
Found a short sword.
Found 11 gold pieces.
You open the door. You closely miss the jackal.
You block the jackal's attack. x2
You puncture the jackal!
You kill the jackal!
The jackal misses you. You furiously retaliate!
You headbutt the jackal!
You kill the jackal!
The giant cockroach waves its antennae.
There is an open door here.
You see here a jackal corpse.
An ogre opens the door.
You see here a cyan potion.
The ogre hits you with a +0 giant club!!
* * * LOW HITPOINT WARNING * * *
You see here 11 gold pieces.
You barely miss the ogre. You puncture the ogre!
The ogre is moderately wounded.
The ogre hits you with a +0 giant club!
You die...

#.....###.....####.#
.....###.....###.#.##
....###.....###..#..#
...###.....###...'..#
..######†####....#..#
.###.#.....#.....#..#
###..#..!..#....##..####.
##...+.).).+...###..'....
#...B#..@..#..####..####.
.....#..O..#.###.#..#
....####'######..#..#
..###.....###...'.##
.###.....###....#.#
###.....###.....#.#
##.....###.....##.#
#.....###.....###.#
#######'#####.##


You could see an ogre and a giant cockroach.

Vanquished Creatures
  A jelly (D:4)
  Natasha (D:2)
  2 orc wizards (D:3)
  An adder (D:3)
  A dart slug (D:1)
  10 orcs (D:3)
  6 endoplasms
  4 giant cockroaches
  3 goblins
  10 hobgoblins
  2 jackals (D:4)
  3 quokkas
  5 bats
  6 kobolds
  2 rats (D:3)
57 creatures vanquished.

Notes
Turn   | Place    | Note
-------+----------+-------------------------------------------
     0 | D:1      | Fodor the Minotaur Fighter began the quest for the Orb.
     0 | D:1      | Reached XP level 1. HP: 19/19 MP: 0/0
   144 | D:1      | Reached XP level 2. HP: 26/27 MP: 1/1
  1113 | D:2      | Reached XP level 3. HP: 33/33 MP: 2/2
  1119 | D:2      | Noticed Natasha
  1127 | D:2      | Killed Natasha
  1376 | D:2      | Found a bloodstained altar of Trog.
  1597 | D:3      | Reached XP level 4. HP: 11/40 MP: 3/3
  1770 | D:3      | Found a faded altar of an unknown god.
  1935 | D:3      | Reached skill level 1 in Dodging
  1965 | D:3      | Reached XP level 5. HP: 46/47 MP: 4/4
  2163 | D:4      | Identified the +4 sling of Amiatae {speed, Str+2 Int+3}
  2209 | D:4      | Found a glowing silver altar of Zin.
  2292 | D:4      | Noticed an ogre
  2361 | D:4      | Slain by an ogre

Illustrated notes

Levels and vault maps discovered:
D:1:      mrwooster_arrival_arrow, layout_basic
D:2:      layout_basic, basic_altar, uniq_natasha
D:3:      layout_rooms, dreamdust_ecumenical_altar_hidden_monk_grotto
D:4:      layout_loops_corners, zin_treasury, serial_shops, shop,
          hangedman_decor_opposing, minivault_19, minmay_quadrilaterals,
          uniq_sigmund

Skill      XL: |  1  2  3  4 |
---------------+-------------+-----
Armour         | 4 |  4.7
Fighting       | 4 |  4.4
Shields        | 4 |  4.5
Long Blades    | 3 4 |  4.4
Dodging        | 1 |  1.0
Polearms       | |  0.5
Ranged Weapons | |  0.2
Stealth        | |  0.2

Action                     |  1- 3 |  4- 6 || total
---------------------------+-------+-------++-------
  Melee: Long sword        |    59 |    30 ||    89
         Headbutt          |    12 |    10 ||    22
         Trident           |       |    13 ||    13
   Fire: Sling             |       |    10 ||    10
    Use: Potion            |     2 |       ||     2
 Armour: Scale mail        |    41 |    16 ||    57
  Dodge: Dodged            |    54 |    22 ||    76
  Block: Buckler           |    26 |    15 ||    41
